 Dungeon Crawl Stone Soup version 0.31-a0-876-gfe8ebadbca (webtiles) character file.

Game seed: 16115075386982127224

82 protoss039 the Digger (level 4, 33/33 HPs)
             Began as a Demonspawn Earth Elementalist on Oct 13, 2023.
             Got out of the dungeon alive.
             The game lasted 00:04:27 (1518 turns).

protoss039 the Digger (DsEE)                        Turns: 1518, Time: 00:04:27

Health: 33/33      AC:  4    Str:  8    XL:     4   Next: 21%
Magic:  7/7        EV: 12    Int: 18    God:
Gold:   109        SH:  0    Dex: 14    Spells: 5/8 levels left

rFire   . . .        g - +0 dagger
rCold   . . .        (no shield)
rNeg    . . .        a - +0 robe
rPois   .            (no helmet)
rElec   .            (no cloak)
rCorr   .            (no gloves)
SInv    .            (no boots)
Will    .....        (no amulet)
Stlth   ++           (no ring)
HPRegen 0.25/turn    (no ring)
MPRegen 0.10/turn

%: no passive effects
@: no status effects
A: yellow scales 1, ignite blood 1, powered by pain 1
a: no special abilities


You escaped.
You visited 1 branch of the dungeon, and saw 2 of its levels.

You collected 109 gold pieces.

Inventory:

Hand Weapons
 g - a +0 dagger (weapon)
Armour
 a - a +0 robe (worn)
Magical Staves
 l - a staff of conjuration
Jewellery
 k - an amulet of regeneration
Scrolls
 b - a scroll of revelation {unknown}
 c - 2 scrolls of identify {unknown}
 f - a scroll of vulnerability {unknown}
 i - a scroll of fog {unknown}
 j - a scroll of brand weapon {unknown}
Potions
 d - a potion of degeneration {unknown}
 e - a potion of attraction {unknown}
 h - a potion of brilliance {unknown}


   Skills:
 * Level 2.0 Fighting
 - Level 2.0 Dodging
 - Level 2.0 Stealth
 + Level 2.6 Spellcasting
 - Level 1.2 Transmutations
 + Level 3.2 Earth Magic


You had 5 spell levels left.
You knew the following spells:

 Your Spells              Type           Power      Damage    Failure   Level
a - Sandblast             Erth           28%        2d8       4%          1
b - Passwall              Tmut/Erth      8%         N/A       11%         2

Your spell library contained the following spells:

 Spells                   Type           Power      Damage    Failure   Level
 Stone Arrow              Conj/Erth      16%        3d8       26%         3
 Petrify                  Tmut/Erth      10%        N/A       56%         4
 Brom's Barrelling Bould  Conj/Erth      8%         2d3       65%         4
 Vhi's Electric Charge    Tloc/Air       4%         N/A       86%         4
 Arcjolt                  Conj/Air       1%         1d11      99%         5
 Plasma Beam              Fire/Air       1%         2x1d11    100%        6


Dungeon Overview and Level Annotations

Branches:
Dungeon (2/15) Zot: 10453

Altars:

Shops:
D:1 (


Innate Abilities, Weirdness & Mutations

You are partially covered in yellow scales. (AC +2)
Your demonic aura sometimes causes spilled blood to erupt in flames.
You sometimes gain a little power by taking damage.


Message History

You climb upwards.
There is a stone staircase leading down here.
You can't go up here!
An endoplasm comes into view.
You can't go up here!
Unknown command.
An endoplasm is nearby!
Unknown command.
Casting: Sandblast (safe; 4% risk of failure)
Confirm with . or Enter, or press ? or * to list all spells.
Aiming: Sandblast (safe; 4% risk of failure)
Press: ? - help, Shift-Dir - straight line, f - endoplasm
Aim: an endoplasm (wandering, hasn't noticed you, 98% to hit)
The blast of sand hits the endoplasm!
You kill the endoplasm!
Casting: Sandblast (safe; 4% risk of failure)
Confirm with . or Enter, or press ? or * to list all spells.
Aiming: Sandblast (safe; 4% risk of failure)
Press: ? - help, Shift-Dir - straight line, f - you That would be overly suicidal.
Okay, then.
Unknown command.
Casting: Sandblast (safe; 4% risk of failure)
Confirm with . or Enter, or press ? or * to list all spells.
Aiming: Sandblast (safe; 4% risk of failure)
Press: ? - help, Shift-Dir - straight line, f - you That would be overly suicidal.
Okay, then.
What level of the Dungeon? (default 1, ? - help)
Okay, then.
Unknown command.
What level of the Dungeon? (default 1, ? - help)
Okay, then.
Okay, then.
Okay, then.
Unknown command.
Magic restored.
There is a staircase leading out of the dungeon here.
Alright, then stay!
You have escaped!

...........#......####
...........#...♣..♣.P##
............♣♣.....P♣.##
......##.#...♣♣...P...P##
......##.P.P....P.......#
.....###......P...P..♣.♣#
.......#................#
.......#.....P.....P....##
.......#........@........#
....†..#.....P.....P.....#
.......#.♣...............#
.......#...♣♣.P...P.♣....#
.......#..♣♣....P........#
.......+......♣......P.#.#
.......#...♣.P.P......#..#
.........#.....P.....##.##
.........#......>.#####.##


There were no monsters in sight!

Vanquished Creatures
  4 adders (D:2)
  2 worms (D:2)
  2 dart slugs
  3 bats
  3 endoplasms
  2 giant cockroaches (D:1)
  3 goblins (D:2)
  A hobgoblin (D:2)
  4 jackals (D:1)
  A quokka (D:2)
  2 ball pythons
  2 frilled lizards (D:2)
  A kobold (D:1)
  6 rats
36 creatures vanquished.

Notes
Turn   | Place    | Note
-------+----------+-------------------------------------------
     0 | D:1      | protoss039 the Demonspawn Earth Elementalist began the
                  | quest for the Orb.
     0 | D:1      | Reached XP level 1. HP: 13/13 MP: 3/3
    15 | D:1      | Reached skill level 1 in Transmutations
    53 | D:1      | Found Coutileg's Antique Weapon Emporium.
   157 | D:1      | Gained mutation: You are partially covered in yellow
                  | scales. (AC +2) [demonic ancestry]
   157 | D:1      | Reached XP level 2. HP: 15/19 MP: 1/5
   679 | D:1      | Found a faded altar of an unknown god.
   727 | D:1      | Learned a level 2 spell: Passwall
   820 | D:2      | Reached skill level 3 in Earth Magic
   869 | D:2      | Reached skill level 1 in Fighting
   869 | D:2      | Gained mutation: Your demonic aura sometimes causes spilled
                  | blood to erupt in flames. [demonic ancestry]
   869 | D:2      | Reached XP level 3. HP: 26/26 MP: 3/6
  1277 | D:2      | Gained mutation: You sometimes gain a little power by
                  | taking damage. [demonic ancestry]
  1277 | D:2      | Reached XP level 4. HP: 27/33 MP: 1/7
  1518 | D:$      | Got out of the dungeon alive.

Illustrated notes

Levels and vault maps discovered:
D:1:      wander_arrival_fairy_ring, layout_basic, serial_shops, shop,
          shapermc_ecumenical_altar_pompeii
D:2:      layout_basic, minmay_quantized

Skill      XL: |  1  2  3  4 |
---------------+-------------+-----
Transmutations | 1 |  1.2
Stealth        | 2 |  2.0
Dodging        | 2 |  2.0
Earth Magic    | 3 |  3.2
Fighting       | 1 2 |  2.0
Spellcasting   | |  2.6

Action                     |  1- 3 |  4- 6 || total
---------------------------+-------+-------++-------
  Melee: Unarmed           |    11 |       ||    11
         Dagger            |       |    10 ||    10
   Cast: Sandblast         |    53 |     8 ||    61
    Use: Potion            |     1 |       ||     1
 Armour: Robe              |    31 |     2 ||    33
  Dodge: Dodged            |    31 |     5 ||    36

Table legend: (Time is in decaauts)
 A = Elapsed time spent in this place.
 B = Non-inter-level travel time spent in this place.
 C = Inter-level travel time spent in this place.
 D = Time resting spent in this place.
 E = Time spent auto-exploring this place.
 F = Levels seen in this place.
 G = Mean time per level.
                   A        B        C        D        E       F      G
               +--------+--------+--------+--------+--------+-----+--------+
         Total |   1546 |   1431 |    115 |      2 |   1129 |   2 |  773.0 |
       Dungeon |   1546 |   1431 |    115 |      2 |   1129 |   2 |  773.0 |
               +--------+--------+--------+--------+--------+-----+--------+

Top non-repeatable levels by time:
     D:1: 775 daAuts
     D:2: 771 daAuts
